 Dungeon Crawl Stone Soup version 0.28-a0-1147-gc7b72d3202 (webtiles) character file.

Game seed: 2511739137978588456

328702 AvatarAndi78 the Slayer (level 20, -1/203 HPs)
             Began as a Minotaur Berserker on Dec 14, 2021.
             Was a High Priest of Trog.
             Slain by a sphinx (6 damage)
             ... on level 2 of the Vaults.
             The game lasted 02:14:11 (44438 turns).

AvatarAndi78 the Slayer (Minotaur Berserker)       Turns: 44438, Time: 02:14:11

Health: -1/203     AC: 38    Str: 31    XL:     20   Next: 81%
Magic:  19/19      EV: 11    Int:  6    God:    Trog [*****.]
Gold:   3101       SH:  0    Dex: 15    Spells: 19/19 levels left

rFire   + + .      SeeInvis +   F - +11 broad axe "Olulaas" {freeze, rC+}
rCold   + + +      Faith    .   U - +5 kite shield of Fanaticism {Str+3 Int+2}
rNeg    . . .      Spirit   .   M - +1 crystal plate armour {rC+}
rPois   .          Reflect  +   c - +2 hat
rElec   .          Harm     .   g - +2 cloak {rCorr}
rCorr   +          Rampage  .   u - +0 pair of gloves
Will    +....                   l - +1 pair of boots
Stlth   ..........              n - amulet of reflection
HPRegen 0.43/turn               O - ring "Zam Afri" {rF+ rC+ Str+4}
MPRegen 0.16/turn               W - ring of see invisible

@: confused, studying Shields
A: horns 2, retaliatory headbutt, dopey 1, fire resistance 1
}: 2/15 runes: serpentine, barnacled
a: Renounce Religion, Berserk, Trog's Hand, Brothers in Arms


You were on level 2 of the Vaults.
You worshipped Trog.
Trog was extremely pleased with you.
You visited 7 branches of the dungeon, and saw 36 of its levels.
You also visited: Trove, Ossuary, Ice Cave and Volcano.

You collected 4478 gold pieces.
You spent 1377 gold pieces at shops.

Inventory:

Hand Weapons
 A - the +10 war axe "Qihidd" {vorpal, rF+ Str+4}
   (Trog gifted it to you on level 3 of the Shoals)

   It inflicts extra damage upon your enemies.
   Str:       It affects your strength (+4).
   rF:        It protects you from fire.
 F - the +11 broad axe "Olulaas" (weapon) {freeze, rC+}
   (You acquired it on level 3 of the Shoals)

   It freezes those it strikes, dealing additional cold damage.
   It can also slow down cold-blooded creatures.
   rC:        It protects you from cold.
 J - the +10 demon blade of Lashro {flame, Dex+4}
   (Trog gifted it to you on level 4 of the Shoals)

   It burns those it strikes, dealing additional fire damage.
   Big, fiery blades are also staple armaments of hydra-hunters.
   Dex:       It affects your dexterity (+4).
 N - the +13 falchion "Xoclafom" {vorpal, Drain rElec rF++ Will+}
   (Trog gifted it to you on level 4 of the Lair of Beasts)

   It inflicts extra damage upon your enemies.
   rF:        It greatly protects you from fire.
   rElec:     It insulates you from electricity.
   Drain:     It drains your maximum health when unequipped.
   Will:      It increases your willpower.
Missiles
 a - 23 boomerangs
 o - 3 silver boomerangs
 C - 24 javelins (quivered)
 X - a boomerang of dispersal
Armour
 c - a +2 hat (worn)
 g - a +2 cloak of preservation (worn)
 l - a +1 pair of boots (worn)
 u - a +0 pair of gloves (worn)
 M - a +1 crystal plate armour of cold resistance (worn)
 U - the +5 kite shield of Fanaticism (worn) {Str+3 Int+2}
   (You found it on level 2 of the Snake Pit)

   Str:       It affects your strength (+3).
   Int:       It affects your intelligence (+2).
Jewellery
 b - the amulet "Vaushuh" {Acrobat rF+ rN+}
   (You found it in a treasure trove)

   [amulet of the acrobat]

   It increases your evasion while moving and waiting.
   rF:        It protects you from fire.
   rN:        It protects you from negative energy.
 d - a +6 ring of dexterity
 f - the amulet of Wulits {Faith Rampage rPois Int+5 Stlth-}
   (You found it in a treasure trove)

   [amulet of faith]

   It allows you to gain divine favour quickly.
   Int:       It affects your intelligence (+5).
   rPois:     It protects you from poison.
   Rampage:   It bestows one free step when moving towards enemies.
   Stlth:     It makes you less stealthy.
 n - an amulet of reflection (around neck)
 p - the ring of the Commoners {rElec rF- rC+ rCorr}
   (You found it in a treasure trove)

   [ring of protection from cold]

   rF:        It makes you vulnerable to fire.
   rC:        It protects you from cold.
   rElec:     It insulates you from electricity.
   rCorr:     It protects you from acid and corrosion.
 v - the ring of Oroot {+Blink EV+4 Int+4 Dex+2}
   (You found it in a treasure trove)

   [ring of evasion]

   EV:        It affects your evasion (+4).
   Int:       It affects your intelligence (+4).
   Dex:       It affects your dexterity (+2).
   +Blink:    It lets you blink.
 E - the ring "Konaitye" {+Blink Fly}
   (You found it in a treasure trove)

   [ring of flight]

   Fly:       It grants you flight.
   +Blink:    It lets you blink.
 O - the ring "Zam Afri" (left hand) {rF+ rC+ Str+4}
   (You found it on level 2 of the Snake Pit)

   [ring of protection from cold]

   Str:       It affects your strength (+4).
   rF:        It protects you from fire.
   rC:        It protects you from cold.
 Q - the ring "Esi Dag" {rElec rF+ rN++ EV+4 Int-4}
   (You found it on level 5 of the Lair of Beasts)

   [ring of evasion]

   EV:        It affects your evasion (+4).
   Int:       It affects your intelligence (-4).
   rF:        It protects you from fire.
   rElec:     It insulates you from electricity.
   rN:        It greatly protects you from negative energy.
 R - the ring of Nekucuas {rPois rC++ Will+++ rCorr Str-5}
   (You found it in a treasure trove)

   [ring of poison resistance]

   Str:       It affects your strength (-5).
   rC:        It greatly protects you from cold.
   rPois:     It protects you from poison.
   rCorr:     It protects you from acid and corrosion.
   Will:      It greatly increases your willpower.
 V - the ring of Okawaru's Vengeance {rPois rCorr Dex-2 Slay+3}
   (You bought it in a shop on level 1 of the Orcish Mines)

   [ring of resist corrosion]

   Dex:       It affects your dexterity (-2).
   Slay:      It affects your accuracy & damage with ranged weapons and melee
   (+3).
   rPois:     It protects you from poison.
   rCorr:     It protects you from acid and corrosion.
 W - a ring of see invisible (right hand)
 Z - the ring of Qiysog {rPois rCorr Str-2 Int+4 Dex+4}
   (You found it in a treasure trove)

   [ring of poison resistance]

   Str:       It affects your strength (-2).
   Int:       It affects your intelligence (+4).
   Dex:       It affects your dexterity (+4).
   rPois:     It protects you from poison.
   rCorr:     It protects you from acid and corrosion.
Wands
 h - a wand of flame (50)
 m - a wand of polymorph (25)
 t - a wand of acid (34)
 G - a wand of digging (13)
 H - a wand of iceblast (4)
 K - a wand of paralysis (13)
Scrolls
 i - 5 scrolls of fear
 j - 10 scrolls of blinking
 k - 2 scrolls of brand weapon
 q - 11 scrolls of teleportation
 r - 5 scrolls of holy word
 x - a scroll of enchant armour
 I - 4 scrolls of enchant weapon
 L - 3 scrolls of fog
Potions
 e - 5 potions of curing
 s - 5 potions of flight
 w - 3 potions of ambrosia
 z - 5 potions of haste
 B - a potion of cancellation
 S - 2 potions of might
 Y - a potion of resistance
Miscellaneous
 y - a lightning rod (4/4)


   Skills:
 + Level 23.1 Fighting
 + Level 19.7 Long Blades
 * Level 18.4 Axes
 + Level 6.8 Throwing
 + Level 19.6 Armour
 + Level 9.0 Dodging
 + Level 4.0 Stealth
 + Level 22.0 Shields


You had 19 spell levels left.
You didn't know any spells.
Your spell library was empty.

Dungeon Overview and Level Annotations

Branches:
Dungeon (15/15)            Temple (0/1) D:7            Lair (6/6) D:8
 Shoals (4/4) Lair:3        Snake (4/4) Lair:4        Slime (0/5) Lair:6
    Orc (2/2) D:12            Elf (3/3) Orc:2        Vaults (2/5) D:13
 Depths (0/4) D:15        Ossuary (visited)           IceCv (visited)
Volcano (visited)
  Crypt: Vaults:2-3

Altars:
Ashenzari
Cheibriados
Elyvilon
Fedhas
Hepliaklqana
Makhleb
Qazlal
Sif Muna
Uskayaw
Wu Jian
Xom
Yredelemnul
Zin

Shops:
D:1 *   D:7 (*   D:9 [   D:11 =   D:13 :   Orc:1 =   Orc:2 [[(=?   Elf:1 (*!*
Elf:3 *[=   Snake:2 *

Portals:
Abyss: Vaults:1

Annotations:
Vaults:1 2 transporters, Dublagg's ghost, veteran MiFi


Innate Abilities, Weirdness & Mutations

You have a pair of horns on your head.
You reflexively headbutt those who attack you in melee.
You are dopey. (Int -2)
Your flesh is heat resistant. (rF+)


Message History

The ironbound preserver hits you but does no damage.
The deep troll bites you but does no damage.
The deep troll claws you but does no damage. x2
The sphinx hits you but does no damage. x3
The deep troll bites you but does no damage.
The deep troll claws you but does no damage. x2
The ironbound preserver hits you but does no damage.
The deep troll bites you!
* * * LOW HITPOINT WARNING * * *
The deep troll claws you but does no damage. x2
The sphinx mumbles some strange words.
You are confused.
You can move again.
You are too injured to fight recklessly!
You barely miss the ironbound preserver.
You headbutt the ironbound preserver.
The ironbound preserver is lightly wounded.
You slash the deep troll! You freeze the deep troll. You hit the sphinx.
You freeze the sphinx. You slash the deep troll! You freeze the deep troll.
The deep troll bites you but does no damage.
The deep troll claws you.
* * * LOW HITPOINT WARNING * * *
The deep troll barely misses you. The ironbound preserver misses you.
The deep troll bites you but does no damage.
The deep troll claws you but does no damage. x2
You're too confused to move!
The sphinx hits you but does no damage. The sphinx misses you.
The sphinx closely misses you.
The deep troll bites you but does no damage.
The deep troll claws you.
* * * LOW HITPOINT WARNING * * *
The deep troll claws you but does no damage.
The ironbound preserver hits you but does no damage.
The deep troll bites you!
* * * LOW HITPOINT WARNING * * *
The deep troll claws you!
* * * LOW HITPOINT WARNING * * *
The deep troll claws you.
* * * LOW HITPOINT WARNING * * *
The sphinx hits you but does no damage. The sphinx hits you.
You die...

)##'##
#............#
.#...#
#............#
.#...#
#............#
.#####
#............#
...
#............#
##+#
#............#
#
#............#
# ......p....#
......T@...#
.......HT..#
...........#
...........#
...........#
...........#
............
.............


You could see an ironbound preserver, a sphinx and 2 deep trolls.

Vanquished Creatures
  Rupert (Lair:5)
  2 Ice Fiends (IceCv)
  3 deep elf blademasters
  2 deep elf master archers (Elf:3)
  A kraken (Shoals:4)
  A sphinx (Shoals:4)
  Frances (D:12)
  Polyphemus (Shoals:2)
  5 nagarajas
  Ilsuiw (Shoals:2)
  A fire giant (Vaults:2)
  6 deep elf sorcerers
  5 deep elf elementalists (Elf:3)
  Louise (D:14)
  7 ironbound preservers
  4 very ugly things (Vaults:1)
  A stone giant (Vaults:1)
  Nessos (D:12)
  5 deep elf annihilators
  6 deep elf demonologists
  2 entropy weavers (Vaults:1)
  3 minotaurs (Shoals:4)
  4 dire elephants (Vaults:2)
  4 deep elf death magi (Elf:3)
  3 yaktaur captains
  Josephine (D:12)
  4 merfolk impalers (Shoals:2)
  A merfolk javelineer (Shoals:2)
  2 deep elf high priests (Elf:3)
  16 naga warriors
  A fire dragon (D:14)
  An ironbound thunderhulk (Vaults:1)
  A vault guard (Vaults:1)
  2 caustic shrike simulacra (IceCv)
  An ice dragon (Snake:4)
  2 salamander tyrants (Snake:4)
  2 ironbound frosthearts (Vaults:1)
  An alligator snapping turtle (Shoals:2)
  5 boulder beetles
  4 catoblepae
  2 merfolk avatars
  6 hydras
  A merfolk aquamancer (Shoals:3)
  7 two-headed ogres
  14 satyrs
  9 anacondas
  2 tengu warriors (D:15)
  6 centaur warriors
  12 death yaks
  Urug (Lair:6)
  30 dancing weapons
  6 orc high priests
  9 naga sharpshooters
  A hell knight (Volcano)
  Sonja (Lair:4)
  A fire crab (shapeshifter) (D:15)
  8 shock serpents
  20 deep elf knights
  4 salamander mystics
  A titan skeleton (D:15)
  2 skeletal warriors (D:15)
  3 glowing orange brains (Vaults:1)
  10 sea snakes
  28 deep trolls
  A sea snake (shapeshifter) (Elf:3)
  A spriggan simulacrum (IceCv)
  11 deep elf archers
  A flayed ghost (D:15)
  6 naga ritualists
  A bog body (IceCv)
  2 wizards
  Pikel (D:5)
  42 deep elf pyromancers
  A necromancer (D:15)
  25 harpies
  5 lindwurms
  8 orc knights
  An obsidian statue (IceCv)
  37 deep elf zephyrmancers
  2 oklob plants
  10 mana vipers
  11 salamanders
  7 ironbound convokers
  A fire giant zombie (D:15)
  A frost giant zombie (D:15)
  17 manticores
  6 orc sorcerers
  14 ugly things
  19 fauns
  11 cyclopes
  A salamander (shapeshifter) (Elf:2)
  17 elephants
  2 vault sentinels (Vaults:1)
  A black mamba (shapeshifter) (Elf:1)
  Joseph (D:9)
  3 guardian serpents
  Maurice (D:13)
  4 molten gargoyles (Volcano)
  25 black mambas
  8 merfolk sirens
  15 naga magi
  A hellion (Vaults:1)
  5 gargoyles (Volcano)
  6 komodo dragons
  11 cane toads
  3 ice devils (IceCv)
  An anaconda simulacrum (IceCv)
  4 rime drakes
  12 yaktaurs
  9 freezing wraiths
  2 efreet
  4 entropy weaver simulacra (IceCv)
  A jumping spider (Vaults:1)
  9 trolls
  21 merfolk
  A golden dragon simulacrum (IceCv)
  A meliai (shapeshifter) (D:13)
  3 polar bears
  12 slime creatures
  7 wind drakes
  A hornet (D:13)
  Grinder (D:6)
  10 snapping turtles
  18 blink frogs
  5 wyverns
  2 air elementals
  2 shadows
  A redback (Vaults:1)
  8 water elementals
  9 wraiths
  A dire elephant simulacrum (IceCv)
  2 vampires
  16 humans (D:13)
  2 basilisks
  A fire elemental (Elf:2)
  51 yaks
  8 vampire mosquitoes
  2 minotaur simulacra (IceCv)
  2 harpy simulacra (IceCv)
  3 acid dragons
  21 nagas
  3 wargs
  A tengu zombie (D:15)
  19 water moccasins
  33 orc warriors
  2 ice beasts
  3 black bears
  4 lemures (D:5)
  11 centaurs
  7 ogres
  A phantom (D:5)
  A wyvern zombie (D:7)
  2 kobold brigands
  2 gnoll sergeants
  A scorpion (D:4)
  Blork the orc (D:5)
  2 earth elementals (Elf:2)
  7 bullfrogs
  A water moccasin zombie (D:6)
  3 deep troll simulacra (IceCv)
  15 killer bees
  A lindwurm simulacrum (IceCv)
  11 wights
  5 electric eels
  3 howler monkeys
  A bullfrog zombie (D:6)
  3 jellies
  7 centaur zombies
  20 orc priests
  Crazy Yiuf (D:6)
  2 hounds
  An iguana (D:5)
  32 orc wizards
  6 hell rats (Lair:2)
  Terence (D:2)
  A killer bee zombie (D:5)
  2 centaur simulacra
  A hound skeleton (D:4)
  2 mummies (Ossuary)
  2 howler monkey zombies
  12 gnolls
  8 adders
  A shadow imp (D:7)
  6 white imps
  A howler monkey simulacrum (D:9)
  2 ufetubi
  An adder skeleton (D:4)
  2 adder zombies (Ossuary)
  2 worms
  2 dart slugs
  86 orcs
  10 ball pythons
  6 endoplasms
  A giant cockroach (D:1)
  5 goblins
  4 hobgoblins
  A jackal (D:2)
  13 kobolds
  5 bats
  3 frilled lizards
  A goblin zombie (Ossuary)
  12 hobgoblin zombies (Ossuary)
  3 jackal zombies (Ossuary)
  9 kobold zombies (Ossuary)
  5 orc zombies (Ossuary)
  3 rats
  2 rat zombies (Ossuary)
  A tentacle (Shoals:4)
1326 creatures vanquished.

Vanquished Creatures (collateral kills)
  Mara (Shoals:4)
  Nikola (Snake:4)
  A deep elf annihilator (Elf:3)
  An anaconda (Snake:4)
  A naga warrior (Snake:4)
  2 salamander tyrants (Snake:4)
  A merfolk avatar (Shoals:4)
  2 centaur warriors (D:10)
  2 satyrs (Shoals:4)
  2 dancing weapons
  A salamander mystic (Snake:4)
  A naga ritualist (Snake:4)
  A harpy (Shoals:4)
  A deep elf zephyrmancer (Elf:2)
  2 oklob plants (Lair:6)
  A manticore (Shoals:4)
  A deep elf pyromancer (Elf:3)
  4 salamanders (Snake:4)
  4 black mambas (Snake:4)
  3 naga magi (Snake:4)
  A merfolk (Shoals:4)
  A basilisk (D:10)
  7 nagas (Snake:4)
42 creatures vanquished.

Vanquished Creatures (others)
  A deep elf high priest (Elf:3)
  2 deep elf knights
  A deep elf archer (Elf:3)
  A naga mage (Snake:4)
  A black mamba (Snake:4)
  A snapping turtle (Shoals:4)
  An orc wizard (D:14)
  22 fungi
  59 plants
  9 tentacles (Shoals:4)
  5 withered plants (D:15)
103 creatures vanquished.

Grand Total: 1471 creatures vanquished

Notes
Turn   | Place    | Note
-------+----------+-------------------------------------------
     0 | D:1      | AvatarAndi78 the Minotaur Berserker began the quest for the
                  | Orb.
     0 | D:1      | Reached XP level 1. HP: 19/19 MP: 0/0
   108 | D:1      | Reached XP level 2. HP: 26/27 MP: 1/1
   209 | D:1      | Reached skill level 4 in Fighting
   271 | D:1      | Found Gijydief's Assorted Antiques.
   416 | D:1      | Found a faded altar of an unknown god.
   546 | D:2      | Reached XP level 3. HP: 34/34 MP: 2/2
   738 | D:2      | Noticed Terence
   753 | D:2      | Killed Terence
   754 | D:2      | Reached XP level 4. HP: 27/41 MP: 3/3
  1274 | D:2      | Reached ** piety under Trog
  1816 | D:3      | You fall into a shaft and drop 1 floor!
  1819 | D:4      | Noticed a black bear
  1823 | D:4      | Killed a black bear
  1824 | D:4      | Reached skill level 5 in Fighting
  1824 | D:4      | Reached skill level 5 in Axes
  1824 | D:4      | Reached XP level 5. HP: 48/48 MP: 4/4
  1870 | D:4      | Noticed an ogre
  2185 | D:1      | Bought a scroll labelled TIEB VYROANY for 21 gold pieces
  2185 | D:1      | Bought a broad axe for 84 gold pieces
  2403 | D:4      | Reached XP level 6. HP: 54/56 MP: 5/5
  2406 | D:4      | Reached *** piety under Trog
  2517 | D:4      | Found a shimmering blue altar of Sif Muna.
  2585 | D:4      | Reached XP level 7. HP: 62/62 MP: 6/6
  2854 | D:5      | Entered Level 5 of the Dungeon
  2854 | D:5      | Noticed Blork the orc
  2858 | D:5      | Killed Blork the orc
  2859 | D:5      | Reached skill level 1 in Throwing
  2859 | D:5      | Reached skill level 5 in Armour
  2899 | D:5      | Found a blossoming altar of Fedhas.
  2903 | D:5      | Found a stormy altar of Qazlal.
  2904 | D:5      | Found a broken altar of Ashenzari.
  2905 | D:5      | Found a white marble altar of Elyvilon.
  2908 | D:5      | Found a hide-covered altar of Uskayaw.
  3201 | D:5      | Noticed Pikel
  3225 | D:5      | Killed Pikel
  3226 | D:5      | Reached skill level 6 in Fighting
  3226 | D:5      | Reached XP level 8. HP: 40/70 MP: 7/7
  3412 | D:5      | Noticed a two-headed ogre
  3420 | D:5      | Killed a two-headed ogre
  3421 | D:5      | Reached skill level 1 in Stealth
  3487 | D:5      | Reached XP level 9. HP: 77/78 MP: 8/8
  4066 | D:5      | Gained mutation: You tend to lose your temper in combat.
                  | [potion of mutation]
  4066 | D:5      | Gained mutation: Your magical capacity is low. (-10% MP)
                  | [potion of mutation]
  4125 | D:6      | Reached skill level 10 in Axes
  4161 | D:6      | Found a snail-covered altar of Cheibriados.
  4164 | D:6      | Found a burning altar of Makhleb.
  4272 | D:6      | Reached skill level 1 in Long Blades
  4393 | D:6      | Found a runed translucent door.
  4394 | D:6      | Noticed Crazy Yiuf
  4496 | D:6      | Noticed Grinder
  4499 | D:6      | Killed Grinder
  4500 | D:6      | Reached skill level 7 in Fighting
  4500 | D:6      | Reached skill level 1 in Shields
  4709 | D:6      | Killed Crazy Yiuf
  4882 | D:1      | Bought a runed scale mail for 147 gold pieces
  4882 | D:1      | Bought a diamond ring for 105 gold pieces
  5201 | D:7      | Found Koqus's Fire Supplies.
  5277 | D:7      | Found a staircase to the Ecumenical Temple.
  5464 | D:7      | Found a sand-covered staircase.
  5471 | Ossuary  | Entered an ossuary
  5496 | Ossuary  | Reached **** piety under Trog
  5740 | D:7      | Found Areko's Weapon Emporium.
  5979 | D:7      | Reached skill level 5 in Long Blades
  6316 | D:8      | Found an ornate altar of the Wu Jian Council.
  6368 | D:8      | Reached ***** piety under Trog
  6493 | D:8      | Reached XP level 10. HP: 74/86 MP: 8/8
  6527 | D:8      | Reached skill level 5 in Dodging
  6551 | D:8      | Found a hazy altar of Hepliaklqana.
  6790 | D:8      | Found a staircase to the Lair.
  6790 | D:8      | Noticed an elephant
  6805 | D:8      | Killed an elephant
  7131 | D:9      | Found Jahyetti's Antique Armour Emporium.
  7196 | D:9      | Noticed Joseph
  7208 | D:9      | Killed Joseph
  7209 | D:9      | Reached skill level 8 in Fighting
  7533 | D:9      | Found a basalt altar of Yredelemnul.
  7943 | D:10     | Entered Level 10 of the Dungeon
  8006 | D:10     | Noticed a two-headed ogre
  8011 | D:10     | Killed a two-headed ogre
  8012 | D:10     | Reached skill level 5 in Shields
  8227 | D:10     | Reached XP level 11. HP: 86/95 MP: 8/8
  8236 | D:10     | Identified a scroll of acquirement
  8238 | D:10     | Acquired a manual of Fighting
  8354 | D:10     | Reached skill level 9 in Fighting
  8472 | D:10     | Noticed a boulder beetle
  8472 | D:10     | Noticed a wizard
  8472 | D:10     | Noticed a centaur warrior
  8472 | D:10     | Noticed an eight-headed hydra
  8472 | D:10     | Noticed a centaur warrior
  8472 | D:10     | Noticed a centaur warrior
  8472 | D:10     | Noticed a centaur warrior
  8574 | D:10     | Killed a centaur warrior
  8590 | D:10     | Killed a centaur warrior
  8638 | D:10     | Killed a wizard
  8639 | D:10     | Reached skill level 10 in Long Blades
  8654 | D:10     | Killed a centaur warrior
  8655 | D:10     | Reached skill level 10 in Armour
  8659 | D:10     | Killed a boulder beetle
  8660 | D:10     | Reached skill level 10 in Fighting
  8663 | D:10     | Killed a centaur warrior
  8691 | D:10     | Killed an 11-headed hydra
  8703 | D:10     | Identified the +3 buckler "Poelen" {rN++}
  8906 | D:10     | Noticed a two-headed ogre
  8911 | D:10     | Killed a two-headed ogre
  9222 | D:11     | Found Guhynaz's Jewellery Shop.
  9223 | D:11     | Noticed a red ugly thing
  9229 | D:11     | Killed a red ugly thing
  9272 | D:11     | Noticed a cyan ugly thing
  9286 | D:11     | Killed a cyan ugly thing
  9287 | D:11     | Reached XP level 12. HP: 74/108 MP: 9/9
  9484 | D:11     | Reached skill level 11 in Fighting
  9748 | D:11     | Found a glowing silver altar of Zin.
  9913 | Lair:1   | Entered Level 1 of the Lair of Beasts
 10923 | Lair:2   | Reached skill level 12 in Fighting
 11794 | Lair:3   | Found a staircase to the Shoals.
 11900 | Lair:3   | Received a gift from Trog
 12215 | Lair:3   | Noticed a five-headed hydra
 12224 | Lair:3   | Killed a ten-headed hydra
 12244 | Lair:3   | Reached skill level 13 in Fighting
 12251 | Lair:3   | Reached XP level 13. HP: 80/122 MP: 10/10
 12961 | Lair:4   | Reached skill level 14 in Fighting
 13021 | Lair:4   | Reached skill level 10 in Shields
 13042 | Lair:4   | Reached skill level 15 in Fighting
 13108 | Lair:4   | Found a staircase to the Snake Pit.
 13138 | Lair:4   | Noticed Sonja
 13142 | Lair:4   | Killed Sonja
 13142 | Lair:4   | Identified the +13 falchion "Xoclafom" {vorpal, Drain rElec
                  | rF++ Will+} (Trog gifted it to you on level 4 of the Lair
                  | of Beasts)
 13142 | Lair:4   | Received a gift from Trog
 13482 | Lair:4   | Found a dark tunnel.
 13492 | Volcano  | Entered a volcano
 13647 | Volcano  | Noticed an orb of fire
 13725 | Volcano  | Noticed an orb of fire
 14098 | Lair:5   | Reached skill level 16 in Fighting
 14176 | Lair:5   | Identified the ring "Esi Dag" {rElec rF+ rN++ EV+4 Int-4}
 14254 | Lair:5   | Reached skill level 15 in Long Blades
 14333 | Lair:5   | Noticed Rupert
 14350 | Lair:5   | Killed Rupert
 14351 | Lair:5   | Reached XP level 14. HP: 138/138 MP: 11/11
 15214 | Lair:6   | Entered Level 6 of the Lair of Beasts
 15518 | Lair:6   | Reached skill level 17 in Fighting
 15600 | Lair:6   | Noticed Urug
 15613 | Lair:6   | Killed Urug
 16308 | Lair:6   | Found a staircase to the Slime Pits.
 16729 | D:12     | Noticed Nessos
 16748 | D:12     | Reached skill level 18 in Fighting
 16749 | D:12     | Killed Nessos
 16766 | D:12     | Lost mutation: You tend to lose your temper in combat.
                  | [potion of mutation]
 16766 | D:12     | Gained mutation: You are frail. (-10% HP) [potion of
                  | mutation]
 16766 | D:12     | Gained mutation: Your flesh is cold resistant. (rC+)
                  | [potion of mutation]
 16892 | D:12     | Noticed Josephine
 16896 | D:12     | Received a gift from Trog
 16906 | D:12     | Killed Josephine
 16996 | D:12     | Noticed Frances
 17008 | D:12     | Killed Frances
 17228 | D:12     | Found a staircase to the Orcish Mines.
 17405 | Orc:1    | Entered Level 1 of the Orcish Mines
 17526 | Orc:1    | Found Xuwne's Jewellery Shoppe.
 17568 | Orc:1    | Bought the ring of Okawaru's Vengeance {rPois rCorr Dex-2
                  | Slay+3} for 435 gold pieces
 17568 | Orc:1    | Bought a ring of see invisible for 165 gold pieces
 17612 | Orc:1    | Reached XP level 15. HP: 118/135 MP: 12/12
 17876 | Orc:1    | Found a shimmering blue altar of Sif Muna.
 17941 | Orc:2    | Entered Level 2 of the Orcish Mines
 17998 | Orc:2    | Found Haompad's Armour Shop.
 18129 | Orc:2    | Found a staircase to the Elven Halls.
 18140 | Orc:2    | Received a gift from Trog
 18467 | Orc:2    | Found Vuam Lupp's Armour Boutique.
 18617 | Orc:2    | Found Ohufonikh's Antique Weapon Boutique.
 18629 | Orc:2    | Found Napawny's Magic Scroll Shoppe.
 18634 | Orc:2    | Found Loattum's Jewellery Shoppe.
 18785 | D:13     | Found a gate to the Vaults.
 18806 | D:13     | Reached skill level 19 in Fighting
 18908 | D:13     | Found Efuu's Book Boutique.
 18978 | D:13     | Received a gift from Trog
 19104 | D:13     | Noticed Maurice
 19112 | D:13     | Killed Maurice
 19579 | D:14     | Noticed Louise
 19600 | D:14     | Killed Louise
 19666 | D:14     | Found a portal to a secret trove of treasure.
 19693 | D:14     | You paid a toll of 3 potions of resistance to enter a
                  | treasure trove
 19694 | Trove    | Entered a treasure trove
 19703 | Trove    | Identified the ring "Konaitye" {+Blink Fly}
 19705 | Trove    | Identified the ring of Qiysog {rPois rCorr Str-2 Int+4
                  | Dex+4}
 19707 | Trove    | Identified the amulet "Vaushuh" {Acrobat rF+ rN+}
 19725 | Trove    | Identified the ring of the Commoners {rElec rF- rC+ rCorr}
 19727 | Trove    | Identified the ring of Oroot {+Blink EV+4 Int+4 Dex+2}
 19733 | Trove    | Identified the ring of Osuemah {Str+6 Dex+3}
 19735 | Trove    | Identified the ring of Nekucuas {rPois rC++ Will+++ rCorr
                  | Str-5}
 19737 | Trove    | Identified the amulet "Qisakh" {Faith rF+}
 19741 | Trove    | Identified the amulet of Wulits {Faith Rampage rPois Int+5
                  | Stlth-}
 20264 | D:14     | Reached skill level 15 in Armour
 20355 | D:15     | Entered Level 15 of the Dungeon
 20937 | D:15     | Found a staircase to the Depths.
 21798 | Shoals:1 | Entered Level 1 of the Shoals
 21871 | Shoals:1 | Reached XP level 16. HP: 100/145 MP: 13/13
 21883 | Shoals:1 | Reached skill level 15 in Shields
 22219 | Shoals:1 | Received a gift from Trog
 23784 | Shoals:2 | Noticed Ilsuiw
 23804 | Shoals:2 | Killed Ilsuiw
 24543 | Shoals:2 | Reached skill level 20 in Fighting
 24835 | Shoals:3 | Noticed Polyphemus
 24860 | Shoals:2 | Killed Polyphemus
 25941 | Shoals:3 | Identified the +10 war axe "Qihidd" {vorpal, rF+ Str+4}
                  | (Trog gifted it to you on level 3 of the Shoals)
 25941 | Shoals:3 | Received a gift from Trog
 26172 | Shoals:3 | Acquired the +11 broad axe "Olulaas" {freeze, rC+}
 26806 | Shoals:4 | Entered Level 4 of the Shoals
 26809 | Shoals:4 | Noticed Mara
 27074 | Shoals:4 | Noticed AvatarAndi78's illusion
 27102 | Shoals:4 | Killed Mara
 27404 | Shoals:4 | Reached XP level 17. HP: 115/153 MP: 14/14
 27616 | Shoals:4 | Reached skill level 5 in Throwing
 27968 | Shoals:4 | Noticed a kraken
 28017 | Shoals:4 | Killed a kraken
 28876 | Shoals:4 | Identified the +10 demon blade of Lashro {flame, Dex+4}
                  | (Trog gifted it to you on level 4 of the Shoals)
 28876 | Shoals:4 | Received a gift from Trog
 29008 | Shoals:4 | Identified the +12 quarterstaff of the Thieving Goat
                  | {vorpal, Fragile Fly rN+++ MP+9}
 29305 | Shoals:4 | Got a barnacled rune of Zot
 29733 | Snake:1  | Entered Level 1 of the Snake Pit
 30957 | Snake:2  | Identified the ring "Zam Afri" {rF+ rC+ Str+4}
 31172 | Snake:2  | Identified the +5 kite shield of Fanaticism {Str+3 Int+2}
 31373 | Snake:2  | Found Koimpeur's Overcharged Wands.
 31389 | Snake:2  | Identified the +9 hand axe of Eternal Vigilance {drain,
                  | Contam *Corrode Str+3 Dex+8}
 31797 | Snake:2  | Lost mutation: Your magical capacity is low. (-10% MP)
                  | [potion of mutation]
 31797 | Snake:2  | Lost mutation: You are frail. (-10% HP) [potion of
                  | mutation]
 31797 | Snake:2  | Lost mutation: Your flesh is cold resistant. (rC+) [potion
                  | of mutation]
 31797 | Snake:2  | Gained mutation: You are dopey. (Int -2) [potion of
                  | mutation]
 31797 | Snake:2  | Gained mutation: Your flesh is heat resistant. (rF+)
                  | [potion of mutation]
 32463 | Snake:3  | Reached skill level 21 in Fighting
 32972 | Snake:3  | Reached ****** piety under Trog
 33535 | Snake:4  | Entered Level 4 of the Snake Pit
 33547 | Snake:3  | Reached XP level 18. HP: 182/182 MP: 17/17
 33757 | Snake:4  | Identified the +3 short sword of Doom {pain, Str+7 Int-2
                  | Dex+5}
 33779 | Snake:4  | Found a frozen archway.
 33946 | IceCv    | Entered an ice cave
 34077 | IceCv    | Identified the +2 helmet "Cokky" {rPois rN+ Str+4 Stlth-}
 34218 | IceCv    | Noticed an Ice Fiend
 34218 | IceCv    | Noticed an Ice Fiend
 34232 | IceCv    | Killed an Ice Fiend
 34237 | IceCv    | Killed an Ice Fiend
 34240 | IceCv    | Received a gift from Trog
 34693 | Snake:4  | Found a shimmering altar of Xom.
 34800 | Snake:4  | Noticed Nikola
 34814 | Snake:4  | Killed Nikola
 35896 | Snake:4  | Got a serpentine rune of Zot
 37137 | Elf:1    | Entered Level 1 of the Elven Halls
 37271 | Elf:1    | Found Xuse's Assorted Antiques.
 37272 | Elf:1    | Found Saveq's Distillery.
 37280 | Elf:1    | Found Ywirud's General Store.
 37284 | Elf:1    | Received a gift from Trog
 37304 | Elf:1    | Bought a potion of haste for 140 gold pieces
 37304 | Elf:1    | Bought 2 potions of haste for 280 gold pieces
 37588 | Elf:1    | Reached XP level 19. HP: 175/191 MP: 18/18
 37789 | Elf:1    | Received a gift from Trog
 37809 | Elf:1    | Found Vametaot's Antique Weapon Emporium.
 38003 | Elf:1    | Paralysed by an air elemental for 1 turns
 38643 | Elf:2    | Reached skill level 22 in Fighting
 38671 | Elf:2    | Received a gift from Trog
 38765 | Elf:2    | Found a runed translucent gate.
 38765 | Elf:2    | Found a runed translucent gate.
 38765 | Elf:2    | Found a runed translucent gate.
 38894 | Elf:2    | Paralysed by an air elemental for 1 turns
 39032 | Elf:2    | Found a runed translucent gate.
 39032 | Elf:2    | Found a runed translucent gate.
 39036 | Elf:2    | Reached skill level 15 in Axes
 39054 | Elf:2    | Found a runed translucent gate.
 39847 | Elf:2    | Received a gift from Trog
 40331 | Elf:3    | Entered Level 3 of the Elven Halls
 40335 | Elf:3    | Found Jasaroth's General Store.
 40434 | Elf:3    | Found Hezeges's Antique Armour Shoppe.
 40637 | Elf:3    | Noticed a Tzitzimitl
 40652 | Elf:3    | Noticed a Brimstone Fiend
 40665 | Elf:3    | Identified the +1 leather armour "Rumuodeem" {rPois rC+
                  | rCorr}
 40771 | Elf:3    | Received a gift from Trog
 40794 | Elf:3    | Noticed a Tzitzimitl
 41190 | Elf:3    | Reached XP level 20. HP: 191/192 MP: 19/19
 41830 | Elf:3    | Found Axtuuv's Jewellery Shop.
 41992 | Elf:3    | Identified the +9 broad axe of Suicidal Tendencies {vorpal,
                  | rN+ Str+2}
 42182 | Elf:3    | Identified the +6 triple crossbow "Xoxtov" {venom, rPois
                  | rF+ rCorr Str-4}
 42184 | Elf:3    | Identified the +7 morningstar "Minotaur's Peril" {elec,
                  | Dex+2}
 42381 | Vaults:1 | Entered Level 1 of the Vaults
 42403 | Vaults:1 | Found a transporter.
 42443 | Vaults:1 | Found a transporter.
 42445 | Vaults:1 | Found a one-way gate to the infinite horrors of the Abyss.
 42445 | Vaults:1 | Noticed Dublagg's ghost (veteran MiFi)
 43375 | Vaults:1 | Reached skill level 23 in Fighting
 44154 | Vaults:2 | Received a gift from Trog
 44431 | Vaults:2 | Paralysed by a sphinx for 5 turns
 44438 | Vaults:2 | HP: 8/203 [deep troll[an ironbound preserver] (7)]
 44438 | Vaults:2 | Slain by a sphinx

Illustrated notes

Levels and vault maps discovered:
D:1:      scummos_arrival_star, layout_basic,
          shapermc_ecumenical_altar_mp_vishouse, serial_shops, shop
D:2:      minmay_skewed_foursquare, layout_basic, uniq_terence
D:3:      layout_rooms
D:4:      layout_basic, lemuel_tele_altar
D:5:      layout_loops_corners, minitemple, kennysheep_dice, uniq_pikel,
          uniq_blork_the_orc
D:6:      layout_basic, nicolae_overflow_squiral, uniq_crazy_yiuf_cottage,
          uniq_grinder
D:7:      layout_loops_corners, minmay_temple_entry_nine_rooms, serial_shops,
          nicolae_shop_hallway_stairs, chequers_ossuary_entry_cave,
          nicolae_shop_fire_sale [nicolae_sub_dead_trees]
D:8:      layout_gridville, mainiacjoe_overflow_six_doors_small,
          mainiacjoe_overflow_boulevard, david_lair_generic
D:9:      layout_roguey, kennysheep_little_box, serial_shops, shop, serial_ice,
          serial_ice_l, serial_ice_a, serial_ice_h, serial_ice_g, serial_ice_n,
          uniq_joseph
D:10:     minmay_the_grid_triangle_9x9_rhombus_full
          [minmay_the_grid_triangle_9x9_impossible_snake,
          minmay_the_grid_triangle_9x9_odd_lines,
          minmay_the_grid_triangle_9x9_cache,
          minmay_the_grid_triangle_9x9_alien,
          minmay_the_grid_triangle_9x9_intruding_spiral,
          minmay_the_grid_triangle_9x9_sprig,
          minmay_the_grid_triangle_9x9_limited_checkers,
          minmay_the_grid_triangle_9x9_prize_top_heavy], layout_loops_ring
D:11:     layout_basic, serial_shops, nicolae_take_the_stairs, zin_academy
D:12:     layout_gridville, orc_0_dummy, drop_trap, uniq_josephine,
          uniq_frances, uniq_nessos
D:13:     layout_long_grid, david_vaults_3, serial_shops, kennysheep_mini,
          drop_trap, uniq_maurice
D:14:     layout_long_grid, nicolae_trove_entry_crossroad, minivault_4,
          hangedman_abyss_or_decor_stagger, uniq_louise
D:15:     gammafunk_depths_entry_grave, layout_cave_pods,
          chequers_serial_rivers_micro_e
Lair:1:   layout_layer_cave, chequers_serial_rivers_micro_c,
          infiniplex_staircase_pool_2
Lair:2:   layout_cellular_growth
Lair:3:   layout_cave_pods, minmay_shoals_entry_beasts
Lair:4:   layout_loops_ring, guppyfry_snake_entry_island,
          lightli_volcano_entry_magma_tube, lemuel_fruit_fields, uniq_sonja
Lair:5:   layout_small_grid, nicolae_quartered_pool_little, serial_bayou_pond_a,
          patterned_corridor, uniq_rupert
Lair:6:   evilmike_catoblepas_cave, layout_small_grid,
          minmay_slime_entry_oklob_enclosed, dpeg_stationary_puzzle, uniq_urug
Shoals:1: layout_shoals, overgrown_hall
Shoals:2: layout_shoals, uniq_ilsuiw
Shoals:3: layout_shoals, uniq_polyphemus
Shoals:4: shoals_end_hellmonk_lost_city, uniq_mara
Snake:1:  layout_grid_maze
Snake:2:  layout_cave_pods, nicolae_shop_overcharged_wands, grunt_megastairs_1
Snake:3:  layout_cave_town, lemuel_fruit_tree
Snake:4:  snake_pit, layout_cave_town, basic_altar,
          portal_ice_cave_entry_dragon, grunt_megastairs_2, uniq_nikola
Orc:1:    layout_diamond_mine, serial_shops, nicolae_shop_crystal,
          kennysheep_orc_sif_temple
Orc:2:    st_orc_elflike, layout_caves, serial_shops, nicolae_shop_stone
Elf:1:    elf_arrival_001, layout_geoelf_diagonals, serial_shops, shop,
          minmay_elf_sorcery, minivault_16, hangedman_elf_represent,
          lemuel_upstairs_altar, minmay_shop_star
Elf:2:    elven_hall_of_blades_hangedman_original
          [nicolae_blade_entry_pointy_end], layout_loops_corners,
          nicolae_elf_hall_of_bonks
Elf:3:    grunt_elf_hall_diamonds, layout_geoelf_diagonals, serial_shops,
          nicolae_shop_temple_entry_statues_fountains, shop, shop
Vaults:1: gammafunk_ghost_abyssal_escape, v_misc_32, v_rooms_6, v_misc_17,
          hangedman_vaults_pinch, nicolae_vaults_mini_display_case,
          hangedman_vaults_hat, vaults_standard_mumra_enter_the_diamond,
          nicolae_vaults_little_squares_5, vaults_mumra_lcd,
          ontoclasm_vaults_twist, ontoclasm_vaults_shuriken,
          layout_vaults_omnibox
Vaults:2: dpeg_vaults_monster_row, minmay_crypt_entry_nasty_monster, v_misc_13,
          v_rooms_3, nicolae_vaults_quartermaster, hangedman_vaults_snaps,
          vaults_dpeg_cross, hangedman_vaults_trim, vaults_room_pools,
          layout_vaults_omnicross

Skill      XL: |  1  2  3  4  5  6  7  8  9 10 11 12 13 14 15 16 17 18 19 20 |
---------------+-------------------------------------------------------------+-----
Axes           | 4 5 6 8 9 10 11 13 14 15 18 | 18.4
Fighting       | 4 5 6 7 8 10 13 16 18 19 20 21 22 23 | 23.1
Armour         | 3 4 6 7 8 9 10 11 12 14 15 16 17 18 19 | 19.6
Dodging        | 3 4 6 7 8 9 |  9.0
Throwing       | 2 4 6 |  6.8
Stealth        | 1 2 3 4 |  4.0
Long Blades    | 5 9 11 13 15 16 17 18 19 | 19.7
Shields        | 2 5 7 9 11 13 14 16 18 19 20 22 | 22.0

Action                   |  1- 3 |  4- 6 |  7- 9 | 10-12 | 13-15 | 16-18 | 19-21 || total
-------------------------+-------+-------+-------+-------+-------+-------+-------++-------
Melee: Hand axe          |    39 |    64 |       |       |       |       |       ||   103
       Headbutt          |     6 |    25 |    45 |   108 |   317 |   382 |   244 ||  1127
       Broad axe         |       |    64 |    86 |       |       |       |   233 ||   383
       Scimitar          |       |       |   177 |   481 |   164 |       |       ||   822
       Falchion          |       |       |       |       |  1067 |  1529 |   672 ||  3268
Throw: Boomerang         |       |    12 |     2 |    27 |     2 |   101 |    14 ||   158
       Javelin           |       |       |       |       |     8 |       |     8 ||    16
Invok: Berserk           |     1 |     2 |     2 |     5 |    11 |    10 |     3 ||    34
       Trog's Hand       |       |       |       |     5 |    13 |    14 |     9 ||    41
       Brothers in Arms  |       |       |       |       |     1 |     9 |     6 ||    16
Evoke: Wand              |       |       |       |       |       |     3 |       ||     3
  Use: Potion            |       |       |     9 |     3 |     1 |    12 |     9 ||    34
       Scroll            |       |       |     5 |    16 |     3 |     7 |     2 ||    33
 Stab: Petrified         |       |       |       |       |       |    10 |       ||    10
       Invisible         |       |       |       |       |       |       |     8 ||     8
Armor: Animal skin       |     4 |       |       |       |       |       |       ||     4
       Chain mail        |     2 |    67 |   129 |       |       |       |       ||   198
       Scale mail        |       |       |    94 |   210 |    53 |       |       ||   357
       Plate armour      |       |       |       |       |   403 |   552 |       ||   955
       Crystal plate arm |       |       |       |       |       |    94 |   300 ||   394
Dodge: Dodged            |    24 |    72 |   127 |   218 |   413 |   408 |   135 ||  1397
Block: Kite shield       |       |       |    81 |   128 |       |   512 |   610 ||  1331
       Buckler           |       |       |       |   118 |   508 |   673 |       ||  1299
       Reflection        |       |       |       |       |     9 |    90 |    25 ||   124

Table legend: (Time is in decaauts)
 A = Elapsed time spent in this place.
 B = Non-inter-level travel time spent in this place.
 C = Inter-level travel time spent in this place.
 D = Time resting spent in this place.
 E = Time spent auto-exploring this place.
 F = Levels seen in this place.
 G = Mean time per level.
                   A        B        C        D        E       F      G
               +--------+--------+--------+--------+--------+-----+--------+
         Total |  43536 |  40604 |   2932 |      4 |  32524 |  40 | 1088.4 |
       Dungeon |  13663 |  12345 |   1318 |      4 |   9938 |  15 |  910.9 |
          Lair |   6695 |   5964 |    731 |      0 |   4933 |   6 | 1115.8 |
        Shoals |   7306 |   7111 |    195 |      0 |   6025 |   4 | 1826.5 |
     Snake Pit |   6283 |   6017 |    266 |      0 |   5030 |   4 | 1570.8 |
  Orcish Mines |   1392 |   1230 |    162 |      0 |    880 |   2 |  696.0 |
   Elven Halls |   4830 |   4645 |    185 |      0 |   3443 |   3 | 1610.0 |
        Vaults |   1990 |   1917 |     73 |      0 |   1580 |   2 |  995.0 |
         Trove |     91 |     91 |      0 |      0 |      2 |   1 |   91.0 |
       Ossuary |    219 |    219 |      0 |      0 |     93 |   1 |  219.0 |
      Ice Cave |    658 |    658 |      0 |      0 |    359 |   1 |  658.0 |
       Volcano |    404 |    404 |      0 |      0 |    238 |   1 |  404.0 |
               +--------+--------+--------+--------+--------+-----+--------+

Top non-repeatable levels by time:
   Elf:2: 2361 daAuts
Shoals:2: 2115 daAuts
Shoals:3: 2057 daAuts
Shoals:4: 1966 daAuts
 Snake:4: 1843 daAuts
 Snake:3: 1792 daAuts
Vaults:1: 1706 daAuts
 Snake:2: 1472 daAuts
  Lair:3: 1472 daAuts
     D:2: 1390 daAuts
    D:10: 1368 daAuts
  Lair:6: 1302 daAuts
   Elf:1: 1285 daAuts
     D:5: 1246 daAuts
    D:15: 1216 daAuts
